 Dungeon Crawl Stone Soup version 0.17.2-1-ge4368a0 (webtiles) character file.

403 Goblin1989 the Skirmisher (level 6, -3/52 HPs)
             Began as a Demonspawn Artificer on Nov 27, 2016.
             Splashed by a jelly's acid (6 damage)
             ... on level 6 of the Dungeon.
             The game lasted 00:19:42 (4854 turns).

Goblin1989 the Skirmisher (Demonspawn Artificer)    Turns: 4854, Time: 00:19:43

Health: -3/52      AC: -14   Str: 13      XL:     6   Next: 55%
Magic:  8/8        EV: 13    Int: 15      God:    Xom [....*.]
Gold:   232        SH:  0    Dex: 10 (14) Spells: 0 memorised, 5 levels left

rFire  + . .     SeeInvis .     h - +0 whip
rCold  . . .     Clarity  .     g - +0 ring mail
rNeg   . . .     SustAt   .     (no shield)
rPois  +         Gourm    .     d - +0 helmet
rElec  .         Spirit   .     (no cloak)
rCorr  .         Warding  .     j - +0 pair of gloves
rMut   .         Stasis   .     B - +0 pair of boots "Unutwiyn" {rPois} (curse)
MR     .....                    (no amulet)
Stlth  +.........               q - +3 ring of evasion
                                (no ring)

@: corroded equipment, not resistant to hostile enchantments, very unstealthy
A: hooves 1, yellow scales 1, blink, clever 1, fire resistance 1, spit poison 1
a: Spit Poison, Blink, Renounce Religion


You were on level 6 of the Dungeon.
You worshipped Xom.
You were a beloved toy of Xom.
You were not hungry.

You visited 1 branch of the dungeon, and saw 6 of its levels.

You collected 232 gold pieces.

Inventory:

Hand Weapons
 h - a +0 whip (weapon)
 w - a +0 blowgun {@w1}
Missiles
 z - 11 poisoned needles
 Z - 2 throwing nets {=f, !d}
Armour
 d - a +0 helmet (worn)
 g - a +0 ring mail (worn)
 j - a +0 pair of gloves (worn)
 B - the cursed +0 pair of boots "Unutwiyn" (worn) {rPois}
   (You found it on level 4 of the Dungeon)

   It protects you from poison.
   It has a curse placed upon it.
Jewellery
 q - a +3 ring of evasion (right hand)
 r - a ring of see invisible {unknown}
 C - a ring of protection from cold {unknown}
Wands
 c - a wand of flame (1)
 e - a wand of random effects (2)
 E - a wand of enslavement (15)
Scrolls
 a - 2 scrolls of magic mapping {unknown}
 k - a scroll of enchant weapon {unknown}
 l - 2 scrolls of random uselessness {unknown}
 n - 2 scrolls of immolation {unknown}
 o - 2 scrolls of teleportation {unknown}
 t - a scroll of fog {unknown}
 u - a scroll of remove curse {@r2}
 x - a scroll of blinking {unknown}
 R - 2 scrolls of identify {@r1}
Potions
 b - 3 potions of curing {@q1}
 m - a potion of cure mutation {!q}
 p - a potion of brilliance
 s - a potion of degeneration {unknown}
 v - a potion of might {unknown}
 A - a potion of poison {unknown}
 D - a potion of flight {unknown}
Comestibles
 f - 2 bread rations {@e1}
 i - a beef jerky
 y - a meat ration {@e2}


   Skills:
 - Level 5.8 Fighting
   Level 0.8 Short Blades
 + Level 2.9 Maces & Flails
 - Level 1.7 Dodging
 - Level 0.8 Stealth
 - Level 3.0 Evocations


You had 5 spell levels left.
You didn't know any spells.

Dungeon Overview and Level Annotations

Branches:
Dungeon (6/15)             Temple (0/1) D:5

Altars:
Dithmenos
Elyvilon
Gozag
Makhleb
Sif Muna
Trog
Xom

Annotations:
D:3 exclusions: door and 1 more exclusion
D:4 jacquesderrida's ghost, amateur VSWn


Innate Abilities, Weirdness & Mutations

You are partially covered in yellow scales (AC +2).
Your flesh is heat resistant.
You have large cloven feet.
You can translocate small distances at will.
Your mind is acute. (Int +2)
You can spit weak poison.


Message History

* * * LOW HITPOINT WARNING * * *
You take 14 damage, and have 7/52 hp.
MASSIVE DAMAGE!!
There is a stone staircase leading up here.
The jelly jiggles.
The jelly closely misses you. The jelly barely misses you.
Drink which item? (? for menu, Esc to quit)
Okay, then.
Eat which item? (? for menu, Esc to quit)
You continue eating.
The jelly hits you.
* * * LOW HITPOINT WARNING * * *
You are splashed with acid!
The acid corrodes you!
The acid burns!
* * * LOW HITPOINT WARNING * * *
You continue eating.
The jelly hits you.
* * * LOW HITPOINT WARNING * * *
You are splashed with acid!
The acid burns!
You die...
Xom chortles! ██████

██████████████....█
.............█.██.█
████████████.█.█J.█
█ █...█@██ █


█████ █████.█ ███...... █.█ ......... ███ .███≈███. .█ ██ You could see a jelly.

Vanquished Creatures
  A quasit (D:4)
  Ijyb (D:3)
  A hound (D:2)
  Natasha (thrice) (D:2)
  A worker ant (D:4)
  An orc wizard (D:3)
  A worker ant zombie (D:5)
  5 adders
  8 gnolls
  3 oozes (D:3)
  4 worms
  An adder skeleton (D:5)
  5 orcs (D:3)
  9 goblins
  6 hobgoblins
  5 jackals
  2 quokkas (D:2)
  12 bats
  3 giant cockroaches
  5 giant newts (D:2)
  8 kobolds
  10 rats
95 creatures vanquished.

Notes
Turn   | Place    | Note
--------------------------------------------------------------
     0 | D:1      | Goblin1989 the Demonspawn Artificer began the quest for the Orb.
     0 | D:1      | Reached XP level 1. HP: 15/15 MP: 3/3
   747 | D:1      | Gained mutation: Your flesh is heat resistant. [demonic ancestry]
   747 | D:1      | Reached XP level 2. HP: 20/22 MP: 4/4
  1446 | D:2      | Reached XP level 3. HP: 27/29 MP: 5/5
  1452 | D:2      | Noticed Natasha
  1467 | D:2      | Killed Natasha
  1709 | D:1      | Reached XP level 4. HP: 28/37 MP: 6/6
  1742 | D:2      | Noticed Natasha
  1743 | D:2      | Killed Natasha
  1743 | D:2      | Reached skill level 4 in Fighting
  2096 | D:2      | Found a burning altar of Makhleb.
  2114 | D:2      | Reached skill level 5 in Fighting
  2114 | D:2      | Reached XP level 5. HP: 37/44 MP: 7/7
  2215 | D:2      | Noticed Natasha
  2217 | D:2      | Killed Natasha
  2995 | D:3      | Found a faded altar to an unknown god.
  3061 | D:3      | Became a worshipper of Xom of Bone-Dry Humour
  3191 | D:3      | XOM: divination: magic mapping
  3196 | D:3      | Reached skill level 1 in Maces & Flails
  3234 | D:3      | Noticed a moth of wrath
  3237 | D:3      | Found a bloodstained altar of Trog.
  3259 | D:3      | Gained mutation: You are partially covered in yellow scales (AC +2). [demonic ancestry]
  3259 | D:3      | Reached XP level 6. HP: 48/52 MP: 8/8
  3288 | D:3      | XOM: harmless Conj miscast
  3289 | D:3      | XOM: harmless Erth miscast
  3465 | D:3      | Found a deep blue altar of Sif Muna.
  3712 | D:3      | Noticed Ijyb
  3738 | D:3      | Killed Ijyb
  3781 | D:4      | XOM: harmless Fire miscast
  3821 | D:4      | XOM: harmless Air miscast
  3927 | D:4      | Got a pair of scorched boots
  3933 | D:4      | Identified the cursed +0 pair of boots "Unutwiyn" {rPois} (You found it on level 4 of the Dungeon)
  3940 | D:4      | Found a white marble altar of Elyvilon.
  3969 | D:4      | XOM: harmless Air miscast
  4257 | D:4      | Noticed jacquesderrida's ghost (amateur VSWn)
  4268 | D:4      | XOM: harmless Summ miscast
  4272 | D:4      | XOM: divination: magic mapping
  4279 | D:4      | XOM: silly message
  4281 | D:4      | XOM: cast spell 'Metabolic Englaciation'
  4287 | D:4      | XOM: potion effect (invisibility)
  4313 | D:4      | XOM: fog
  4348 | D:5      | Entered Level 5 of the Dungeon
  4351 | D:5      | Found a shadowy altar of Dithmenos.
  4447 | D:5      | Found an opulent altar of Gozag.
  4541 | D:5      | Found a staircase to the Ecumenical Temple.
  4543 | D:5      | XOM: 1-stop teleportation journey
  4647 | D:5      | Iwannabefree: когда You fell your monstrous heritage
  4694 | D:5      | XOM: give mutations
  4694 | D:5      | Gained mutation: Your mind is acute. (Int +2) [Xom's grace]
  4694 | D:5      | Gained mutation: You can spit weak poison. [Xom's grace]
  4694 | D:5      | Gained mutation: You can translocate small distances at will. [Xom's grace]
  4694 | D:5      | Gained mutation: You have large cloven feet. [Xom's grace]
  4695 | D:5      | Iwannabefree: это значит что я сроллил монструса?
  4695 | D:5      | Goblin1989: да
  4726 | D:5      | Found a white marble altar of Elyvilon.
  4727 | D:5      | Iwannabefree: не зря суициднул
  4727 | D:5      | Goblin1989: ну почему
  4727 | D:5      | Goblin1989: у монстроуза самый большой урон из всех демонспавнов
  4786 | D:5      | Iwannabefree: и самые маленькие дефенсы
  4812 | D:6      | Iwannabefree: да и я не люблю анарм
  4812 | D:6      | Goblin1989: ну в принципе нормальные
  4812 | D:6      | Goblin1989: щит главное носить
  4854 | D:6      | Splashed by a jelly's acid

Action                   |  1- 3 |  4- 6 || total
-------------------------+-------+-------++-------
Melee: Short sword       |    24 |       ||    24
       Whip              |    87 |   550 ||   637
Evoke: Wand              |    15 |    12 ||    27
  Use: Scroll            |       |     4 ||     4
       Potion            |       |     1 ||     1
 Stab: Invisible         |       |    10 ||    10
  Eat: Chunk             |     2 |    10 ||    12
       Meat ration       |       |     1 ||     1

Vault maps used:
D:1:      lightli_arrival_noodles
D:2:      makhleb_heckhound_becter, uniq_natasha
D:3:      led_sif_book, tgw_trog, ecumenical_altar_2, item_on_display_b,
          uniq_iyjb
D:4:      grunt_temple_overflow_champion_of_chaos, kennysheep_mini,
          gammafunk_temple_overflow_statue, first_bread, eino_tiny_chamber,
          serial_bayou_lagoon_a
D:5:      nicolae_gozag_cash_rules_everything_around_me, old_standard_altar,
          minmay_temple_entry_junction, elyvilon_altar_3
D:6:      basic_altar, hangedman_decor_growths, grunt_decor_cap,
          uniq_prince_ribbit1
